 Dungeon Crawl Stone Soup version 0.28-a0-794-gafe8c5f9e9 (webtiles) character file.

Game seed: 14020455162904661168

119 a11behringer the Poker (level 5, -4/39 HPs)
             Began as a Merfolk Gladiator on Nov 5, 2021.
             Was an Initiate of Gozag.
             Slain by an iguana (9 damage)
             ... on level 4 of the Dungeon.
             The game lasted 00:10:19 (2770 turns).

a11behringer the Poker (Merfolk Gladiator)          Turns: 2770, Time: 00:10:20

Health: -4/39      AC:  6    Str: 15    XL:     5   Next: 3%
Magic:  0/5        EV: 13    Int:  8    God:    Gozag
Gold:   385        SH:  0    Dex: 15    Spells: 4/4 levels left

rFire   . . .      SeeInvis .   a - +0 trident
rCold   . . .      Faith    .   (no shield)
rNeg    . . .      Spirit   +   b - +0 leather armour
rPois   .          Reflect  .   c - +1 helmet
rElec   .          Harm     .   l - scarf {shadows}
rCorr   .          Rampage  .   (no gloves)
Will    .....                   e - +0 pair of boots
Stlth   +.........              p - amulet of guardian spirit
HPRegen 0.13/turn               (no ring)
MPRegen 0.09/turn               (no ring)

@: gold aura
A: (nimble swimmer 2), mertail
a: Renounce Religion, Potion Petition, Call Merchant, Bribe Branch


You were on level 4 of the Dungeon.
You worshipped Gozag.
Gozag was aware of your devotion.
You visited 1 branch of the dungeon, and saw 4 of its levels.

You collected 385 gold pieces.

Inventory:

Hand Weapons
 a - a +0 trident (weapon)
Missiles
 d - 3 throwing nets (quivered)
Armour
 b - a +0 leather armour (worn)
 c - a +1 helmet (worn)
 e - a +0 pair of boots (worn)
 l - a scarf of shadows (worn)
Jewellery
 p - an amulet of guardian spirit (around neck)
Scrolls
 f - 4 scrolls of identify
 h - 3 scrolls of teleportation
 j - a scroll of amnesia
 m - 2 scrolls of enchant armour
 o - a scroll of magic mapping {unknown}
 r - a scroll of noise {unknown}
Potions
 g - a potion of lignification {unknown}
 i - 2 potions of cancellation {unknown}
 k - a potion of brilliance
 n - a potion of heal wounds {unknown}
 q - a potion of haste


   Skills:
 + Level 2.5 Fighting
 * Level 6.9 Polearms
 - Level 2.0 Throwing
 + Level 1.0 Armour
 + Level 4.6 Dodging


You had 4 spell levels left.
You didn't know any spells.
Your spell library contained the following spells:

 Spells                   Type           Power      Damage    Failure   Level
 Freeze                   Ice            0%         1d3       47%         1
 Corpse Rot               Necr/Air       0%         N/A       63%         2
 Poisonous Vapours        Pois/Air       0%         N/A       63%         2
 Frozen Ramparts          Ice            0%         1d2       85%         3
 Hailstorm                Conj/Ice       0%         3d3       99%         4


Dungeon Overview and Level Annotations

Branches:
Dungeon (4/15)
 Temple: D:4-7

Altars:
Gozag
Nemelex Xobeh


Innate Abilities, Weirdness & Mutations

((You are quick and stealthy near water. (Stealth+, EV+, Speed+++)))
Your lower body shifts to a powerful aquatic tail in water.


Message History

The hobgoblin is almost dead.
The hobgoblin hits you but does no damage.
The kobold hits you but does no damage.
You barely miss the kobold.
The hobgoblin hits you but does no damage.
The kobold is distracted by your dazzling golden aura.
The kobold shouts!
Unknown command.
You barely miss the kobold.
The kobold is no longer distracted by gold.
The hobgoblin misses you. The kobold hits you but does no damage.
You hit the kobold but do no damage. The hobgoblin hits you.
The kobold closely misses you.
You hit the kobold.
You kill the kobold!
The hobgoblin hits you.
You have reached level 5!
You feel clever.
You puncture the hobgoblin!
You kill the hobgoblin!
You hit the endoplasm but do no damage. The endoplasm closely misses you.
You barely miss the endoplasm. The endoplasm freezes you.
You are frozen.
You hit the endoplasm.
The endoplasm is almost dead.
The endoplasm completely misses you.
The iguana is distracted by your dazzling golden aura.
You puncture the endoplasm!
You kill the endoplasm!
The iguana is no longer distracted by gold.
The iguana bites you!
* * * LOW HITPOINT WARNING * * *
There is a stone staircase leading up, spattered with blood here.
Things that are here:
15 gold pieces; a +0 whip; 23 stones You closely miss the iguana.
The iguana barely misses you.
You barely miss the iguana. The iguana bites you!
You die...
Your body crumbles into a pile of gold.

$
#^........#
#.........#
#..........
#..).......
#...$.....#
#.........#
#$# .# #$#
..# #@# ..#
#l#..# $
#$..# #..##
.....
....###
......
.......#
###.#...#


You could see an iguana.

Vanquished Creatures
  A gnoll (D:1)
  5 adders
  An orc (D:4)
  5 bats
  6 endoplasms
  10 goblins
  7 hobgoblins
  6 jackals
  2 quokkas
  4 ball pythons
  6 kobolds
  6 rats
59 creatures vanquished.

Vanquished Creatures (others)
  A fungus (D:1)
  6 plants (D:1)
7 creatures vanquished.

Grand Total: 66 creatures vanquished

Notes
Turn   | Place    | Note
-------+----------+-------------------------------------------
     0 | D:1      | a11behringer the Merfolk Gladiator began the quest for the
                  | Orb.
     0 | D:1      | Reached XP level 1. HP: 16/16 MP: 1/1
   210 | D:1      | Reached skill level 5 in Polearms
   210 | D:1      | Reached XP level 2. HP: 11/22 MP: 2/2
   516 | D:1      | Found a faded altar of an unknown god.
   546 | D:1      | Prayed at the altar of an unknown god.
   546 | D:1      | Became a worshipper of Gozag Ym Sagoz the Greedy
   616 | D:1      | Reached XP level 3. HP: 26/27 MP: 3/3
  1412 | D:2      | Reached skill level 6 in Polearms
  1412 | D:2      | Reached XP level 4. HP: 21/34 MP: 4/4
  2282 | D:3      | Found a sparkling altar of Nemelex Xobeh.
  2435 | D:3      | Reached skill level 1 in Armour
  2763 | D:4      | Reached XP level 5. HP: 16/39 MP: 3/5
  2770 | D:4      | Slain by an iguana

Illustrated notes

Levels and vault maps discovered:
D:1:      dpeg_arrival_tiny_j, layout_loops_ring,
          shapermc_ecumenical_altar_mp_ritualfount
D:2:      layout_basic
D:3:      layout_rooms, mainiacjoe_overflow_tiny_flanked
D:4:      layout_rooms, mainiacjoe_overflow_brackets, temple_doors_e

Skill      XL: |  1  2  3  4 |
---------------+-------------+-----
Polearms       | 5 6 |  6.9
Armour         | 1 |  1.0
Fighting       | |  2.5
Throwing       | |  2.0
Dodging        | |  4.6

Action                   |  1- 3 |  4- 6 || total
-------------------------+-------+-------++-------
Melee: Trident           |   111 |   106 ||   217
  Use: Scroll            |       |     5 ||     5
 Stab: Sleeping          |     1 |       ||     1
       Distracted        |       |     1 ||     1
Armor: Leather armour    |    37 |    37 ||    74
Dodge: Dodged            |    80 |    83 ||   163

Table legend: (Time is in decaauts)
 A = Elapsed time spent in this place.
 B = Non-inter-level travel time spent in this place.
 C = Inter-level travel time spent in this place.
 D = Time resting spent in this place.
 E = Time spent auto-exploring this place.
 F = Levels seen in this place.
 G = Mean time per level.
                   A        B        C        D        E       F      G
               +--------+--------+--------+--------+--------+-----+--------+
         Total |   2770 |   2297 |    473 |      0 |   1809 |   4 |  692.5 |
       Dungeon |   2770 |   2297 |    473 |      0 |   1809 |   4 |  692.5 |
               +--------+--------+--------+--------+--------+-----+--------+

Top non-repeatable levels by time:
     D:2: 1139 daAuts
     D:1: 1088 daAuts
     D:3: 497 daAuts
     D:4: 44 daAuts
